 Dungeon Crawl Stone Soup version 0.32-a0-163-g159c032296 (webtiles) character file.

Game seed: 15259901491904702212

54191 BubbleThief the Earth Mage (level 14, -5/98 HPs)
             Began as a Gargoyle Earth Elementalist on Feb 11, 2024.
             Was a High Priest of Vehumet.
             Slain by a death yak (9 damage)
             ... on level 5 of the Lair of Beasts.
             The game lasted 00:42:06 (18579 turns).

BubbleThief the Earth Mage (GrEE)                  Turns: 18579, Time: 00:42:07

Health: -5/98      AC: 43    Str: 22    XL:     14   Next: 71%
Magic:  1/29       EV:  7    Int: 20    God:    Vehumet [*****.]
Gold:   746        SH:  5    Dex: 10    Spells: 16/35 levels left

rFire   . . .        m - +2 quarterstaff (spect)
rCold   + . .        (shield currently unavailable)
rNeg    + . .        Q - +4 plate armour {Will+}
rPois   ∞            n - +2 helmet of Kiesch {rElec SInv}
rElec   +            j - +1 cloak
rCorr   .            o - +1 pair of gloves {Str+3}
SInv    +            u - +1 pair of boots {rampage}
Will    ++...        H - amulet of reflection Stlth
                     N - ring of the Burgomaster {rC+ Str+6}
HPRegen 0.36/turn    B - +4 ring of protection
MPRegen 0.21/turn

%: reflection, rampage
@: flying
A: sickness immunity, AC +10, big wings, negative energy resistance 1,
electricity resistance, torment resistance 1, petrification resistance
a: Renounce Religion


You were on level 5 of the Lair of Beasts.
You worshipped Vehumet.
Vehumet was extremely pleased with you.
You visited 3 branches of the dungeon, and saw 16 of its levels.
You also visited: Gauntlet and Volcano.

You collected 1322 gold pieces.
You spent 576 gold pieces at shops.

Inventory:

Hand Weapons
 m - a +2 spectral quarterstaff (weapon)
Armour
 j - a +1 cloak (worn)
 n - the +2 helmet of Kiesch (worn) {rElec SInv}
   (You found it on level 2 of the Dungeon)

   rElec:     It insulates you from electricity.
   SInv:      It lets you see invisible.
 o - a +1 pair of gloves of strength (worn)
 u - a +1 pair of boots of rampaging (worn)
 J - the +1 robe of Soimneta {rF++ rC+++ Int-3}
   (You took it off an orc priest on level 10 of the Dungeon)

   Int-3:     It affects your intelligence (-3).
   rF++:      It greatly protects you from fire.
   rC+++:     It renders you almost immune to cold.
 O - a +0 buckler
 Q - a +4 plate armour of willpower (worn)
 S - a +3 plate armour of cold resistance
Jewellery
 b - a ring of resist corrosion
 i - a ring of see invisible
 B - a +4 ring of protection (right hand)
 H - an amulet of reflection (around neck)
 M - a ring of positive energy
 N - the ring of the Burgomaster (left hand) {rC+ Str+6}
   (You found it on level 2 of the Lair of Beasts)

   [ring of strength]

   Str+6:     It affects your strength (+6).
   rC+:       It protects you from cold.
 R - a ring of magical power
 T - a +4 ring of protection
Wands
 t - a wand of paralysis (11)
 w - a wand of flame (27)
 x - a wand of polymorph (4)
 E - a wand of quicksilver (3)
 L - a wand of roots (9)
Scrolls
 e - 2 scrolls of poison
 h - 3 scrolls of teleportation
 k - a scroll of identify
 y - a scroll of summoning
 A - a scroll of fear
 D - a scroll of vulnerability
 I - 2 scrolls of fog
 U - a scroll of brand weapon
Potions
 a - 3 potions of might
 c - 3 potions of brilliance
 f - 3 potions of lignification
 l - 4 potions of heal wounds
 p - 5 potions of haste
 q - a potion of enlightenment
 s - 9 potions of curing
 v - 4 potions of attraction
 C - 2 potions of mutation
 F - 3 potions of resistance
 G - 4 potions of cancellation
Miscellaneous
 W - a phial of floods (inert)


   Skills:
 - Level 15.0 Fighting
 - Level 9.0 Armour
 - Level 1.5 Dodging
 - Level 2.1 Stealth
 + Level 11.4 Spellcasting
 + Level 3.6 Conjurations
 + Level 18.4 Earth Magic


You had 16 spell levels left.
You knew the following spells:

 Your Spells              Type           Power      Damage    Failure   Level
a - Sandblast             Erth           100%       2d20      1%          1
b - Lee's Rapid Deconstr  Erth           35%        3d18*     1%          5
c - Stone Arrow           Conj/Erth      100%       3d13      1%          3
d - Brom's Barrelling Bo  Conj/Erth      53%        2d7       2%          4
e - Bombard               Conj/Erth      26%        9d5       34%         6

Your spell library contained the following spells:

 Spells                   Type           Power      Damage    Failure   Level
 Spellforged Servitor     Conj/Summ      9%         N/A       100%        7
 Passwall                 Erth           71%        N/A       1%          3
 Leda's Liquefaction      Alch/Erth      24%        N/A       21%         4
 Petrify                  Alch/Erth      48%        N/A       21%         4
 Hailstorm                Conj/Ice       18%        3d7       30%         3
 Necrotise                Necr           44%        1d6       65%         1
 Slow                     Hex            44%        N/A       65%         1
 Ignite Poison            Fire/Alch      11%        N/A       88%         4
 Confusing Touch          Hex            11%        N/A       95%         3
 Sigil of Binding         Hex            11%        N/A       95%         3
 Summon Ice Beast         Ice/Summ       11%        N/A       95%         3
 Vampiric Draining        Necr           11%        2d6       95%         3
 Freezing Cloud           Conj/Ice/Air   8%         6-21      96%         5
 Anguish                  Hex/Necr       5%         N/A       100%        4
 Cause Fear               Hex            5%         N/A       100%        4
 Martyr's Knell           Necr/Summ      11%        N/A       100%        4
 Curse of Agony           Necr           11%        N/A       100%        5
 Conjure Ball Lightning   Conj/Air       9%         3x3d6     100%        6
 Sculpt Simulacrum        Ice/Alch       5%         N/A       100%        6
 Enfeeble                 Hex            5%         N/A       100%        7
 Discord                  Hex            5%         N/A       100%        8
 Disjunction              Tloc           5%         N/A       100%        8
 Cigotuvi's Dreadful Rot  Necr/Alch/Air  Unusable   N/A       N/A         2

Dungeon Overview and Level Annotations

Branches:
Dungeon (10/15)            Temple (1/1) D:6            Lair (5/5) D:8
  Swamp (0/4) Lair:3        Slime (0/5) Lair:4          Orc (0/2) D:10
Volcano (visited)         Gauntlet (visited)
  Snake: Lair:2-3    Spider: Lair:2-3

Altars:
Ashenzari
Cheibriados
Dithmenos
Elyvilon
Fedhas
Gozag
Hepliaklqana
Kikubaaqudgha
Makhleb
Nemelex Xobeh
Okawaru
Qazlal
Ru
Sif Muna
Trog
Uskayaw
Vehumet
Wu Jian
Xom
Yredelemnul
Zin
The Shining One
Jiyva

Shops:
D:5 =   D:6 [   D:7 :

Annotations:
Lair:2 1 runed translucent door, jboons's ghost, journeyman MiRe


Innate Abilities, Weirdness & Mutations

You are immune to sickness and miasma.
Your stone body is resilient. (AC +10)
You are immune to poison.
Your large and strong wings let you fly.
You resist negative energy. (rN+)
You are resistant to electric shocks. (rElec)
You are resistant to unholy torment.
You are immune to petrification.


Message History

You hit the death yak but do no damage.
The death yak is severely wounded.
Your +2 spectral quarterstaff hits the death yak but does no damage.
You block the death yak's attack.
Unknown command.
Unknown command.
Unknown command.
Unknown command.
You hit the death yak but do no damage.
The death yak is severely wounded.
Your +2 spectral quarterstaff hits the death yak.
The death yak closely misses you.
The death yak closely misses your +2 spectral quarterstaff.
Unknown command.
Aiming: Sandblast (safe; 1% risk of failure)
Press: ? - help, Q - select action, (/) - cycle Shift-Dir - straight line, f - death yak
Aim: a death yak (severely wounded, 95% to hit)
The blast of sand hits the death yak but does no damage.
The death yak is severely wounded.
Your +2 spectral quarterstaff disappears.
The death yak gores you but does no damage.
Aiming: Sandblast (safe; 1% risk of failure)
Press: ? - help, Q - select action, (/) - cycle Shift-Dir - straight line, f/p - death yak
Aim: a death yak (severely wounded, 95% to hit)
The blast of sand hits the death yak.
The death yak is almost dead.
You block the death yak's attack.
You thump the death yak!
The death yak is almost dead.
Your +2 spectral quarterstaff hits the death yak.
The death yak gores you but does no damage.
The death yak gores you!
* * * LOW HITPOINT WARNING * * *
The death yak gores you!
* * * LOW HITPOINT WARNING * * *
Unknown command.
Your +2 spectral quarterstaff disappears.
The death yak attacks as it pursues you!
The death yak gores you!
You die...

##..#.##...####...........###...#
##P..#####..# #..........####...#
###.## ###.~###P.........##..#...
#.#..# #.(.~##..........#.....÷..
.....# ##.#†####...........P.###.
.....###...#..#.#........P.P#.###
...[......###.Y..#..####..PP.#...
#......P.P##..#.Y....#...........
.......#..#...##@...........##P##
...#.##.....###..........P..####
...##.#....#...<.............#
...##.##.P..................##
.#..##.....#.P......P#P..#.##
...#.##.......#########.####
.#.####......## #.## ####
#...#..# ### #####..#


You could see 2 death yaks.

Vanquished Creatures
  A reaper (Gauntlet)
  A minotaur (Gauntlet)
  A fire dragon (Volcano)
  5 hydras
  17 death yaks
  4 sun demons (Volcano)
  5 black mambas
  An apocalypse crab (Gauntlet)
  8 elephants
  A gargoyle (D:7)
  5 smoke demons (Volcano)
  15 cane toads
  A kobold demonologist (D:7)
  7 rime drakes
  6 komodo dragons
  A troll (D:10)
  5 polar bears
  2 tyrant leeches (Lair:3)
  A hellwing (Gauntlet)
  2 hornets (D:9)
  4 blink frogs (Lair:1)
  A slime creature (D:7)
  A vampire (D:9)
  A shadow (D:7)
  6 basilisks
  5 wyverns
  42 yaks
  6 steam dragons
  A vampire mosquito (D:7)
  An acid dragon (D:10)
  4 hell hounds (Volcano)
  5 swamp worms
  13 water moccasins
  5 ice beasts
  4 orc warriors
  4 black bears
  3 ogres
  41 wolves
  A centaur (D:7)
  A phantom (D:6)
  5 kobold brigands
  7 bullfrogs
  3 scorpions (D:5)
  8 wights
  22 killer bees
  A howler monkey (D:9)
  6 hounds
  5 orc priests
  3 iguanas
  12 jellies
  2 gnoll boudas
  Natasha (twice) (D:2)
  8 orc wizards
  Robin (D:2)
  7 gnolls
  4 adders
  A shadow imp (Gauntlet)
  2 white imps
  3 dart slugs
  2 ribbon worms
  28 orcs
  12 endoplasms
  2 giant cockroaches
  15 goblins
  6 hobgoblins
  7 jackals
  3 quokkas
  3 ball pythons (D:1)
  3 bats
  2 frilled lizards
  20 kobolds
  8 rats
  A spectral goblin (D:2)
452 creatures vanquished.

Vanquished Creatures (collateral kills)
  A yak (D:10)
  An orc warrior (D:10)
  An orc (D:10)
3 creatures vanquished.

Vanquished Creatures (others)
  A boulder (Lair:5)
  A spectral weapon (Lair:5)
2 creatures vanquished.

Grand Total: 457 creatures vanquished

Notes
Turn   | Place    | Note
-------+----------+-------------------------------------------
     0 | D:1      | BubbleThief the Gargoyle Earth Elementalist began the quest
                  | for the Orb.
     0 | D:1      | Reached XP level 1. HP: 10/10 MP: 3/3
    93 | D:1      | Reached skill level 4 in Earth Magic
    99 | D:1      | Reached XP level 2. HP: 15/15 MP: 0/5
   730 | D:1      | Reached skill level 5 in Earth Magic
   730 | D:1      | Reached XP level 3. HP: 19/19 MP: 4/6
  1067 | D:2      | Found a faded altar of an unknown god.
  1131 | D:2      | Identified the +2 helmet of Kiesch {rElec SInv}
  1178 | D:2      | Noticed Natasha
  1185 | D:2      | Killed Natasha
  1186 | D:2      | Reached XP level 4. HP: 24/24 MP: 2/7
  1187 | D:2      | Reached skill level 6 in Earth Magic
  1394 | D:2      | Noticed Robin
  1398 | D:2      | Killed Robin
  1580 | D:2      | Noticed Natasha
  1592 | D:2      | Killed Natasha
  1593 | D:2      | Reached XP level 5. HP: 24/28 MP: 1/8
  1973 | D:3      | Reached skill level 7 in Earth Magic
  2798 | D:4      | Noticed an ice beast
  2806 | D:4      | Killed an ice beast
  2807 | D:4      | Reached skill level 8 in Earth Magic
  2807 | D:4      | Reached XP level 6. HP: 32/32 MP: 3/9
  3200 | D:4      | Found a burning altar of Makhleb.
  3200 | D:4      | Found a sacrificial altar of Ru.
  3200 | D:4      | Found a sparkling altar of Nemelex Xobeh.
  3262 | D:5      | Entered Level 5 of the Dungeon
  3262 | D:5      | Found Meokhi's Jewellery Boutique.
  3266 | D:5      | Reached skill level 9 in Earth Magic
  3314 | D:5      | Reached XP level 7. HP: 26/36 MP: 4/10
  3747 | D:5      | Reached skill level 10 in Earth Magic
  3807 | D:5      | Identified the +1 robe of the Fig {rC+ Stlth+}
  3948 | D:5      | Reached skill level 11 in Earth Magic
  3962 | D:5      | Reached XP level 8. HP: 40/41 MP: 8/11
  4609 | D:6      | Reached skill level 12 in Earth Magic
  4735 | D:6      | Found Xorunt's Armour Boutique.
  4875 | D:6      | Found a broken altar of Ashenzari.
  5015 | D:6      | Reached skill level 13 in Earth Magic
  5028 | D:6      | Found a basalt altar of Yredelemnul.
  5111 | D:6      | Found a staircase to the Ecumenical Temple.
  5117 | Temple   | Entered the Ecumenical Temple
  5128 | Temple   | Became a worshipper of Vehumet
  5235 | D:6      | Found a glowing golden altar of the Shining One.
  5238 | D:6      | Noticed an angel
  5338 | D:7      | Found Tarph's Book Shoppe.
  5347 | D:7      | Reached XP level 9. HP: 46/46 MP: 10/12
  5373 | D:7      | Reached skill level 1 in Fighting
  5373 | D:7      | Reached skill level 1 in Armour
  5463 | D:7      | Noticed a gargoyle
  5683 | D:8      | Noticed an elephant
  5684 | D:8      | Found a staircase to the Lair.
  5684 | D:8      | Noticed a death yak
  6076 | D:9      | Found a hide-covered altar of Uskayaw.
  6577 | D:9      | Reached skill level 5 in Fighting
  6582 | D:9      | Reached skill level 5 in Armour
  6582 | D:9      | Reached XP level 10. HP: 32/59 MP: 8/16
  7296 | D:10     | Entered Level 10 of the Dungeon
  7590 | D:10     | Found a shadowy altar of Dithmenos.
  7748 | D:10     | Reached * piety under Vehumet
  7748 | D:10     | Offered knowledge of Foxfire by Vehumet.
  7976 | D:10     | Identified the +0 robe of the Beggar {rPois}
  7997 | D:10     | Reached XP level 11. HP: 65/69 MP: 1/17
  8173 | D:10     | Identified the +1 robe of Soimneta {rF++ rC+++ Int-3}
  8350 | D:10     | Found a staircase to the Orcish Mines.
  8654 | D:7      | Bought a book of the Earth for 576 gold pieces
  8660 | D:7      | Learned a level 5 spell: Lee's Rapid Deconstruction
  8916 | D:7      | Offered knowledge of Static Discharge by Vehumet.
  9011 | D:7      | Reached ** piety under Vehumet
  9016 | D:7      | Found a blossoming altar of Fedhas.
  9016 | D:7      | Found an opulent altar of Gozag.
  9016 | D:7      | Found a stormy altar of Qazlal.
  9016 | D:7      | Found a basalt altar of Yredelemnul.
  9016 | D:7      | Found a glowing silver altar of Zin.
  9016 | D:7      | Found a glowing golden altar of the Shining One.
  9182 | D:7      | Found a shimmering altar of Xom.
  9305 | D:7      | Reached skill level 5 in Spellcasting
  9350 | D:7      | Noticed a soul eater
  9780 | D:8      | Killed a death yak
  9781 | D:8      | Reached skill level 14 in Earth Magic
  9921 | D:8      | Found a shimmering blue altar of Sif Muna.
 10147 | D:8      | Offered knowledge of Frozen Ramparts by Vehumet.
 10150 | D:8      | Reached skill level 10 in Fighting
 10516 | D:8      | Reached *** piety under Vehumet
 10826 | Lair:1   | Entered Level 1 of the Lair of Beasts
 11073 | Lair:1   | Learned a level 3 spell: Stone Arrow
 11162 | Lair:1   | Reached XP level 12. HP: 63/79 MP: 18/21
 11857 | Lair:2   | Reached skill level 15 in Earth Magic
 11859 | Lair:2   | Offered knowledge of Flame Wave by Vehumet.
 11874 | Lair:2   | Identified the ring of the Burgomaster {rC+ Str+6}
 11915 | Lair:2   | Found a runed translucent door.
 11923 | Lair:2   | Noticed jboons's ghost (journeyman MiRe)
 12039 | Lair:2   | Noticed an eight-headed hydra
 12054 | Lair:2   | Killed an eight-headed hydra
 12488 | Lair:2   | Reached **** piety under Vehumet
 12800 | Lair:2   | You fall into a shaft and drop 1 floor!
 12848 | Lair:2   | Offered knowledge of Inner Flame by Vehumet.
 13020 | Lair:2   | Reached skill level 16 in Earth Magic
 13384 | Lair:3   | Noticed a death yak
 13384 | Lair:3   | Noticed a death yak
 13384 | Lair:3   | Noticed a death yak
 13387 | Lair:3   | Noticed a death yak
 13388 | Lair:3   | Noticed a death yak
 13396 | Lair:2   | Killed a death yak
 13422 | Lair:3   | Reached XP level 13. HP: 54/87 MP: 21/25
 13882 | Lair:3   | Found a staircase to the Swamp.
 14311 | Lair:4   | Found a gate leading to a gauntlet.
 14320 | Gauntlet | Entered a Gauntlet
 14320 | Gauntlet | Found a transporter.
 14320 | Gauntlet | Found a transporter.
 14320 | Gauntlet | Found a transporter.
 14324 | Gauntlet | Found a transporter.
 14328 | Gauntlet | Noticed a reaper
 14336 | Gauntlet | Found a transporter.
 14338 | Gauntlet | Found a transporter.
 14338 | Gauntlet | Found a transporter.
 14340 | Gauntlet | Found a transporter.
 14342 | Gauntlet | Found a large runed translucent door.
 14343 | Gauntlet | Found a transporter.
 14343 | Gauntlet | Found a large runed translucent door.
 14344 | Gauntlet | Found a large runed translucent door.
 14344 | Gauntlet | Found a large runed translucent door.
 14344 | Gauntlet | Found a runed translucent door.
 14345 | Gauntlet | Found a large runed translucent door.
 14346 | Gauntlet | Found a large runed translucent door.
 14347 | Gauntlet | Found a large runed translucent door.
 14347 | Gauntlet | Found a large runed translucent door.
 14348 | Gauntlet | Found a runed translucent gate.
 14349 | Gauntlet | Found a runed translucent gate.
 14350 | Gauntlet | Found a runed translucent door.
 14350 | Gauntlet | Found a runed translucent gate.
 14350 | Gauntlet | Found a transporter.
 14356 | Gauntlet | Found a transporter.
 14358 | Gauntlet | Noticed a reaper
 14492 | Gauntlet | Killed a reaper
 14504 | Gauntlet | Identified the +1 hat of the Turtle {Rampage *Corrode rPois
                  | Dex+4}
 14676 | Gauntlet | Noticed a minotaur
 14693 | Gauntlet | Killed a minotaur
 14740 | Lair:4   | Found a viscous altar of Jiyva.
 14741 | Lair:4   | Found a staircase to the Slime Pits.
 14761 | Lair:4   | Found a dark tunnel.
 14771 | Lair:4   | Reached ***** piety under Vehumet
 14773 | Lair:4   | Offered knowledge of Spellforged Servitor by Vehumet.
 14778 | Volcano  | Entered a volcano
 15022 | Volcano  | Reached skill level 17 in Earth Magic
 15414 | Volcano  | Reached skill level 10 in Spellcasting
 15603 | Volcano  | Noticed a fire dragon
 15621 | Volcano  | Killed a fire dragon
 16730 | Lair:5   | Entered Level 5 of the Lair of Beasts
 16736 | Lair:5   | Learned a level 4 spell: Brom's Barrelling Boulder
 16741 | Lair:5   | Gained mutation: Your large and strong wings let you fly.
                  | [Gargoyle growth]
 16741 | Lair:5   | Reached XP level 14. HP: 96/96 MP: 25/28
 17526 | Lair:5   | Reached skill level 18 in Earth Magic
 18480 | Lair:5   | Reached skill level 15 in Fighting
 18487 | Lair:5   | Learned a level 6 spell: Bombard
 18578 | Lair:5   | HP: 4/98 [death yak (10)]
 18579 | Lair:5   | Slain by a death yak

Illustrated notes

Levels and vault maps discovered:
D:1:      onia_arrival_handbag, layout_rooms,
          amcnicky_mini_rare_corridor_liquid, kennysheep_small_spiral
D:2:      layout_loops_ring, dreamdust_ecumenical_altar_drowned_temple,
          uniq_natasha, uniq_robin
D:3:      layout_basic, kennysheep_pointless_box, nicolae_figureground_sparkle
D:4:      layout_rooms, gammafunk_temple_overflow_claw, mrwooster_statue_mirror
D:5:      black_bear_nest_1, layout_basic, nicolae_stop_n_shop_2
D:6:      layout_rooms, grunt_temple_overflow_holy_war,
          cheibrodos_ashenzari_chains, minmay_temple_entry_nine_rooms,
          serial_shops, shop_coins
D:7:      cheibrodos_fertilizer, layout_loops_ring, xom_teletrap_fun,
          serial_shops, nicolae_stop_n_shop_1, hangedman_abyss_or_decor_stabs,
          kb_rosetta
D:8:      layout_basic, tgw_sif, david_lair_generic
D:9:      layout_stronghold, nicolae_uskayaw_dance_hall
D:10:     layout_roguey, kennysheep_mini, david_orc_4
Temple:   hellmonk_temple_flake
Lair:1:   layout_gridlike
Lair:2:   layout_layer_cave, ebering_ghost_reflecting_pool, beast_lair_carwin_7
Lair:3:   layout_loops_ring, minmay_swamp_entry_worms,
          spider_nest_entry_web_field
Lair:4:   layout_gridlike, nicolae_slime_entry_slimehenge,
          gauntlet_entry_generic, nicolae_volcano_entry_hallway
Lair:5:   grunt_lair_end_beastmaster, layout_loops_ring, lemuel_fruit_tree

Skill      XL: |  1  2  3  4  5  6  7  8  9 10 11 12 13 14 |
---------------+-------------------------------------------+-----
Earth Magic    | 4 5 6 8 9 11 13 14 16 17 18 | 18.4
Fighting       | 5 8 10 12 14 15 | 15.0
Armour         | 5 8 9 |  9.0
Spellcasting   | 4 6 8 10 11 | 11.4
Conjurations   | 3 |  3.6
Dodging        | |  1.5
Stealth        | |  2.1

Action                     |  1- 3 |  4- 6 |  7- 9 | 10-12 | 13-15 || total
---------------------------+-------+-------+-------+-------+-------++-------
  Melee: Dagger            |    11 |     5 |     7 |       |       ||    23
         Quarterstaff      |       |       |       |     3 |    74 ||    77
   Cast: Sandblast         |    43 |    71 |   126 |   394 |   346 ||   980
         Lee's Rapid Decon |       |       |       |    16 |    81 ||    97
         Stone Arrow       |       |       |       |       |    16 ||    16
         Bombard           |       |       |       |       |     1 ||     1
         Brom's Barrelling |       |       |       |       |     1 ||     1
  Evoke: Wand              |       |       |     7 |     1 |       ||     8
         Phial of floods   |       |       |       |       |     1 ||     1
    Use: Scroll            |       |       |     2 |    12 |    10 ||    24
         Potion            |       |       |       |       |     2 ||     2
   Stab: Paralysed         |       |       |     3 |       |       ||     3
 Armour: Robe              |    11 |    30 |   102 |    74 |    53 ||   270
         Leather armour    |       |       |       |   256 |   116 ||   372
         Chain mail        |       |       |       |     9 |       ||     9
         Plate armour      |       |       |       |       |   452 ||   452
  Dodge: Dodged            |    10 |    22 |    81 |   213 |   207 ||   533
  Block: Other             |       |       |       |    21 |   108 ||   129

Table legend: (Time is in decaauts)
 A = Elapsed time spent in this place.
 B = Non-inter-level travel time spent in this place.
 C = Inter-level travel time spent in this place.
 D = Time resting spent in this place.
 E = Time spent auto-exploring this place.
 F = Levels seen in this place.
 G = Mean time per level.
                   A        B        C        D        E       F      G
               +--------+--------+--------+--------+--------+-----+--------+
         Total |  19098 |  18548 |    550 |    944 |  13946 |  18 | 1061.0 |
       Dungeon |  11040 |  10617 |    423 |    414 |   8467 |  10 | 1104.0 |
        Temple |     22 |      2 |     20 |      0 |      0 |   1 |   22.0 |
          Lair |   6575 |   6468 |    107 |    188 |   4838 |   5 | 1315.0 |
       Volcano |   1070 |   1070 |      0 |    206 |    641 |   1 | 1070.0 |
      Gauntlet |    389 |    389 |      0 |    135 |      0 |   1 |  389.0 |
               +--------+--------+--------+--------+--------+-----+--------+

Top non-repeatable levels by time:
  Lair:2: 1724 daAuts
  Lair:5: 1713 daAuts
     D:9: 1618 daAuts
     D:8: 1369 daAuts
     D:5: 1358 daAuts
     D:7: 1336 daAuts
    D:10: 1325 daAuts
  Lair:4: 1301 daAuts
 Volcano: 1070 daAuts
     D:2: 998 daAuts
  Lair:1: 937 daAuts
  Lair:3: 898 daAuts
     D:1: 866 daAuts
     D:3: 764 daAuts
     D:6: 709 daAuts
